Map: Orbital Shipyard

Players

xKawaiian

  • Race: Terran Terran
  • League: Master

Draac

  • Race: Terran Terran

Schnitzel

  • Race: Zerg Zerg
  • League: Grandmaster

imreallybad

  • Race: Zerg Zerg

VOD

Have the link to the VOD?

Description

Time

  • Played on: Jan. 12, 2016, 10:48 p.m.
  • Length: 7:39
Show
View Real Time Build Order
Export as new Build Order

xKawaiian Terran 

Build Orders:  

Get SALT Encoding   

  12  0:01  SCV  
  13  0:13  SCV  
  14  0:18  Supply Depot  
  14  0:25  SCV  
  15  0:31  Refinery  
  15  0:40  SCV  
  16  0:52  Barracks  
  16  1:06  Barracks  
  16  1:21  Barracks  
  16  1:27  SCV  
  17  1:40  Refinery  
  17  1:44  Reaper  
  18  1:49  SCV  
  19  1:56  Reaper  
  20  2:08  Supply Depot  
  20  2:13  Reaper  
  21  2:16  Reaper  
  23  2:29  Bunker  
  22  2:32  Reaper  
  23  2:45  Reaper  
  23  2:48  Reaper  
  25  2:57  Orbital Command  
  23  3:04  Reaper  
  24  3:17  Supply Depot, Reaper  
  25  3:21  Reaper  
  26  3:28  SCV  
  25  3:36  Reaper  
  26  3:49  SCV, Reaper  
  26  3:53  Reaper  
  26  4:05  SCV  
  26  4:08  Reaper  
  28  4:13  Command Center  
  28  4:17  SCV  
  28  4:21  Reaper  
  30  4:25  Reaper  
  30  4:40  SCV, Reaper  
  32  4:53  Reaper  
  32  4:57  Reaper  
  31  5:11  SCV  
  31  5:12  Reaper  
  33  5:20  Command Center  
  33  5:24  SCV  
  33  5:25  Reaper, Orbital Command  
  35  5:29  Reaper  
  35  5:33  Factory  
  36  5:36  SCV  
  36  5:44  Reaper  
  36  5:48  SCV  
  37  5:51  SCV  
  37  5:55  Supply Depot  
  38  5:57  Reaper  
  38  6:00  SCV  
  38  6:01  Reaper  
  38  6:03  SCV  
  41  6:12  SCV  
  41  6:14  Refinery x2  
  41  6:15  SCV  
  41  6:16  Reaper  
  43  6:21  Starport  
  43  6:24  SCV  
  44  6:27  SCV  
  44  6:28  Factory Tech Lab  
  45  6:36  SCV  
  45  6:38  Orbital Command  
  45  6:39  SCV  
  46  6:41  Reaper  
  46  6:43  Reaper  
  48  6:48  SCV  
  48  6:51  SCV  
  49  6:55  Starport  
  49  6:59  Factory Tech Lab  
  49  7:00  SCV  
  49  7:03  SCV  
  50  7:12  SCV, Orbital Command  
  52  7:15  SCV  
  51  7:24  Fusion Core  
  51  7:25  SCV  
  53  7:33  Factory Reactor  
Show
View Real Time Build Order
Export as new Build Order

Draac Terran 

Build Orders:  

Get SALT Encoding   

  12  0:02  Drone  
  13  0:13  Overlord  
  13  0:17  Drone  
  14  0:32  Drone x2  
  16  0:36  Drone  
  17  0:46  Drone  
  18  0:57  Hatchery  
  18  1:00  Drone  
  18  1:04  Extractor  
  18  1:07  Drone  
  18  1:19  Spawning Pool  
  18  1:21  Drone  
  18  1:31  Drone  
  20  1:40  Drone  
  20  1:52  Drone  
  21  2:07  Zergling x2  
  22  2:08  Queen  
  22  2:09  Queen  
  22  2:12  Metabolic Boost  
  26  2:19  Overlord  
  26  2:21  Drone x2  
  28  2:28  Spore Crawler  
  26  2:39  Hatchery  
  24  2:46  Zergling x4  
  24  2:48  Zergling x2  
  24  2:51  Zergling x2  
  27  2:55  Zergling x2  
  27  3:00  Zergling x4  
  27  3:04  Zergling x2  
  30  3:10  Zergling x2  
  30  3:14  Zergling x2  
  30  3:19  Zergling x2  
  29  3:20  Queen  
  29  3:24  Zergling x2  
  30  3:29  Zergling x2  
  28  3:35  Zergling x2  
  28  3:38  Zergling x6  
  31  3:42  Zergling x2  
  31  3:51  Zergling x4  
  31  3:54  Queen  
  29  4:04  Zergling x4  
  29  4:08  Drone x2  
  33  4:11  Drone  
  33  4:17  Drone  
  30  4:28  Zergling x4  
  30  4:29  Zergling x2  
  33  4:31  Zergling x2  
  33  4:33  Zergling x2  
  33  4:38  Zergling x2  
  34  4:43  Zergling x4  
  35  4:48  Zergling x2  
  35  4:52  Zergling x4  
  32  5:02  Zergling x2  
  32  5:04  Zergling x2  
  33  5:08  Queen  
  34  5:16  Zergling x2  
  34  5:17  Overlord  
  32  5:32  Drone x2  
  34  5:39  Queen  
  34  5:43  Drone x2, Queen  
  34  5:48  Zergling x4  
  38  5:57  Drone  
  38  5:58  Drone  
  40  6:07  Zergling x4  
  39  6:22  Zergling x4  
  41  6:30  Queen x2  
  44  6:37  Zergling x4  
  43  6:40  Overlord  
  43  6:46  Zergling x2  
  42  6:50  Roach Warren  
  39  6:55  Zergling x4  
  39  6:59  Zergling x2  
  39  7:00  Zergling x2  
  32  7:13  Zergling x4  
  30  7:21  Zergling x4  
Show
View Real Time Build Order
Export as new Build Order

Schnitzel Zerg 

Build Orders:  

Get SALT Encoding   

Show
View Real Time Build Order
Export as new Build Order

imreallybad Zerg 

Build Orders:  

Get SALT Encoding   

Tags
 
Add a new tag
Caveats
  • Supply blocks, unpowered buildings, or Contaminate may cause inaccurate times.
  • Supply counts are checked every 10 seconds.